 Dungeon Crawl Stone Soup version 0.23.0-3-gf3c87f2 (webtiles) character file.

Game seed: 4639848781014305319

1797 Borgoz the Sneak (level 9, -5/71 HPs)
             Began as a Ghoul Enchanter on Feb 24, 2019.
             Was an Initiate of Ashenzari.
             Slain by a hippogriff (9 damage)
             ... on level 7 of the Dungeon.
             The game lasted 00:21:41 (8283 turns).

Borgoz the Sneak (Ghoul Enchanter)                  Turns: 8283, Time: 00:21:42

Health: -5/71      AC:  4    Str:  9 (12) XL:     9   Next: 9%
Magic:  8/24       EV: 13    Int:  9 (10) God:    Ashenzari [......]
Gold:   462        SH:  0    Dex: 11 (12) Spells: 12/17 levels left

rFire    . . .     SeeInvis .   a - +1 dagger
rCold    + . .     Gourm    .   (no shield)
rNeg     + + +     Faith    .   b - +0 robe
rPois    ∞         Spirit   .   (no helmet)
rElec    .         Reflect  .   (no cloak)
rCorr    .         Harm     .   (no gloves)
MR       .....                  p - +1 pair of boots (curse)
Stlth    ++++......             (no amulet)
HPRegen  0.00/turn              r - ring of magical power
MPRegen  0.19/turn              l - ring of stealth (curse)

@: very slightly contaminated, rotting
A: rotting body, claws 1, carnivore, cold resistance 1, negative energy
resistance 3, inhibited regeneration, torment resistance, unbreathing
a: Curse Item, Renounce Religion


You were on level 7 of the Dungeon.
You worshipped Ashenzari.
Ashenzari was noncommittal.
You were not hungry.

You visited 2 branches of the dungeon, and saw 8 of its levels.

You collected 462 gold pieces.

Inventory:

Hand Weapons
 a - a +1 dagger (weapon)
Missiles
 v - 8 needles of paralysis
 w - 11 poisoned needles
Armour
 b - a +0 robe (worn)
 p - a cursed +1 pair of boots (worn)
 B - the +1 helmet "Empinubeme" {-Tele +Fly rF+ Dex+9}
   (You took it off Robin on level 4 of the Dungeon)

   It affects your dexterity (+9).
   It protects you from fire.
   It lets you fly.
   It prevents most forms of teleportation.
Jewellery
 k - an uncursed ring of protection from fire
 l - a cursed ring of stealth (right claw)
 r - a ring of magical power (left claw)
Wands
 m - a wand of iceblast (3)
Scrolls
 c - a scroll of identify
 g - a scroll of teleportation
 i - a scroll of remove curse
 u - a scroll of fog
 z - 2 scrolls of amnesia
Potions
 e - 3 potions of flight
 f - a potion of magic
 j - 2 potions of degeneration
 n - a potion of resistance {unknown}
 o - a potion of brilliance
Comestibles
 d - 12 rations


   Skills:
 + Level 4.0 Fighting
 + Level 3.8 Short Blades
 + Level 4.0 Dodging
 + Level 6.2 Stealth
 + Level 4.6 Spellcasting
 * Level 5.4 Hexes


You had 12 spell levels left.
You knew the following spells:

 Your Spells              Type           Power        Failure   Level  Hunger
a - Confuse               Hex            ##......     9%          3    ###....
b - Ensorcelled Hibernat  Hex/Ice        #.....       13%         2    ##.....

Your spell library contained the following spells:

 Spells                   Type           Power        Failure   Level  Hunger
 Corona                   Hex            ##.....      2%          1    #......
 Tukima's Dance           Hex            ##......     9%          3    ###....
 Animate Skeleton         Necr           N/A          26%         1    #......
 Infusion                 Chrm           #...         26%         1    #......
 Pain                     Necr           #...         26%         1    #......
 Dazzling Spray           Conj/Hex       #.....       26%         3    ###....
 Spectral Weapon          Hex/Chrm       #.......     26%         3    ###....
 Shroud of Golubria       Chrm/Tloc      #.........   36%         2    ##.....
 Song of Slaying          Chrm           #.......     36%         2    ##.....
 Regeneration             Chrm/Necr      #.........   61%         3    ###....
 Vampiric Draining        Necr           #.........   61%         3    ###....
 Animate Dead             Necr           N/A          95%         4    #####..


Dungeon Overview and Level Annotations

Branches:
Dungeon (7/15)             Temple (1/1) D:5

Altars:
Ashenzari
Cheibriados
Dithmenos
Elyvilon
Fedhas
Gozag
Hepliaklqana
Kikubaaqudgha
Makhleb
Okawaru
Qazlal
Ru
Sif Muna
Trog
Uskayaw
Vehumet
Wu Jian
Xom
Yredelemnul
Zin
The Shining One


Innate Abilities, Weirdness & Mutations

Your body is rotting away.
You thrive on raw meat.
You are immune to poison.
You have sharp fingernails.
You are carnivorous and can eat meat at any time.
Your flesh is cold resistant. (rC+)
You are immune to negative energy. (rN+++)
You do not regenerate when monsters are visible.
You are immune to unholy pain and torment.
You can survive without breathing.


Message History

You miscast Confuse.
You are very lightly contaminated with residual magic.
The light around you dims momentarily.
Casting: Confuse (safe; 8% risk of failure)
Confirm with . or Enter, or press ? or * to list all spells.
Aiming: Confuse (safe; 8% risk of failure)
Press: ? - help, Shift-Dir - straight line, f/p - hippogriff
Aim: a hippogriff (severely wounded, chance to defeat MR: 39%)
The hippogriff appears confused.
The hippogriff bites you!
* * * LOW HITPOINT WARNING * * *
The hippogriff pecks you but does no damage.
The hippogriff claws you.
* * * LOW HITPOINT WARNING * * *
You hit the hippogriff but do no damage.
The hippogriff is severely wounded.
It was a potion of degeneration.
There was something very wrong with that liquid.
You feel weakened.
You feel dopey.
You feel clumsy. The hippogriff bites you!
You die...

...(..........o....>.
....#.#.#######.....# #
# #)# ..... #.# ....
#.# ..# #.# .[
..#########.# #
..'.........######
..######...@H....# #.#
#.........# #.#
#.........# # #.#
####.........# . #.#
#.....#......# .
#.####.....#......#
.####.##.....###......#
......##).#....#......#
..###.##..#....####...#


You could see a hippogriff (confused).

Vanquished Creatures
  2 hippogriffs
  Edmund (D:5)
  A phantom (D:6)
  3 sky beasts
  An ogre (D:7)
  2 centaurs
  A bullfrog (D:6)
  A scorpion (D:4)
  A howler monkey (D:5)
  A bullfrog zombie (D:5)
  A centaur zombie (D:6)
  2 crimson imps
  2 hounds
  An orc priest (D:5)
  An orc wizard (D:7)
  A bullfrog skeleton (D:6)
  2 worker ants
  A hound zombie (D:7)
  Robin (D:4)
  A howler monkey skeleton (D:4)
  6 adders
  2 shadow imps
  An ooze (D:2)
  2 worms
  3 dart slugs
  2 leopard geckos
  12 orcs
  A ball python (D:2)
  8 giant cockroaches
  17 goblins
  10 hobgoblins
  8 jackals
  3 bats
  A frilled lizard (D:1)
  2 kobolds (D:2)
  12 rats
117 creatures vanquished.

Notes
Turn   | Place    | Note
-------+----------+-------------------------------------------
     0 | D:1      | Borgoz the Ghoul Enchanter began the quest for the Orb.
     0 | D:1      | Reached XP level 1. HP: 14/14 MP: 2/2
   282 | D:1      | Reached XP level 2. HP: 15/22 MP: 1/3
   293 | D:1      | Learned a level 2 spell: Ensorcelled Hibernation
   621 | D:2      | Reached skill level 1 in Short Blades
   838 | D:2      | Reached skill level 1 in Fighting
  1385 | D:3      | Found a bloodstained altar of Trog.
  1485 | D:3      | Reached XP level 3. HP: 24/28 MP: 2/5
  1889 | D:2      | Reached XP level 4. HP: 31/35 MP: 6/6
  2700 | D:3      | Found an iron altar of Okawaru.
  3109 | D:4      | Reached skill level 4 in Stealth
  3109 | D:4      | Reached XP level 5. HP: 23/41 MP: 7/7
  3293 | D:4      | HP: 2/41 [scorpion (8)]
  3693 | D:4      | Identified the +1 helmet "Empinubeme" {-Tele +Fly rF+
                  | Dex+9}
  3693 | D:4      | Noticed Robin
  3705 | D:4      | Found an ornate altar of the Wu Jian Council.
  3733 | D:4      | Found a hazy altar of Hepliaklqana.
  3784 | D:4      | Killed Robin
  4006 | D:5      | Entered Level 5 of the Dungeon
  4121 | D:5      | Reached XP level 6. HP: 13/50 MP: 8/8
  4259 | D:5      | Learned a level 3 spell: Confuse
  4338 | D:5      | Found a staircase to the Ecumenical Temple.
  4394 | Temple   | Entered the Ecumenical Temple
  4572 | Temple   | Became a worshipper of Ashenzari the Shackled
  4622 | D:5      | Noticed a sky beast
  4918 | D:5      | Noticed Edmund
  4929 | D:5      | HP: 2/50 [Edmund/+5 flail of protection (7)]
  5212 | D:5      | Noticed a moth of wrath
  5221 | D:5      | Found a bloodstained altar of Trog.
  5392 | D:5      | Noticed a sky beast
  5419 | D:5      | Killed a sky beast
  5419 | D:5      | Reached XP level 7. HP: 37/57 MP: 10/10
  5984 | D:5      | Reached skill level 5 in Stealth
  6197 | D:5      | Killed Edmund
  6760 | D:6      | Found a white marble altar of Elyvilon.
  7260 | D:6      | Noticed a hippogriff
  7277 | D:6      | Killed a hippogriff
  7277 | D:6      | Reached XP level 8. HP: 27/63 MP: 6/12
  7893 | D:7      | Noticed a hippogriff
  8007 | D:7      | Killed a hippogriff
  8007 | D:7      | Reached skill level 6 in Stealth
  8007 | D:7      | Reached skill level 5 in Hexes
  8169 | D:7      | Reached XP level 9. HP: 37/71 MP: 14/14
  8283 | D:7      | Slain by a hippogriff

Skill      XL: |  1  2  3  4  5  6  7  8  9 |
---------------+----------------------------+-----
Short Blades   | 1 2 3 |  3.8
Spellcasting   | 2 3 4 |  4.6
Fighting       | 1 2 3 4 |  4.0
Dodging        | 2 3 4 |  4.0
Stealth        | 4 5 6 |  6.2
Hexes          | 3 4 5 |  5.4

Action                   |  1- 3 |  4- 6 |  7- 9 || total
-------------------------+-------+-------+-------++-------
Melee: Dagger            |   113 |   262 |   303 ||   678
 Cast: Corona            |     5 |     3 |       ||     8
       Ensorcelled Hiber |     6 |    15 |    42 ||    63
       Confuse           |       |    10 |    29 ||    39
Invok: Curse Item        |       |       |     2 ||     2
Evoke: Wand              |       |       |     5 ||     5
  Use: Potion            |     2 |     8 |     3 ||    13
       Scroll            |     3 |    15 |       ||    18
 Stab: Sleeping          |     4 |    18 |    17 ||    39
       Confused          |       |     2 |     9 ||    11
       Distracted        |       |       |     1 ||     1
  Eat: Chunk             |     9 |    29 |    18 ||    56
       Ration            |       |       |     1 ||     1
Armor: Robe              |    25 |    31 |    46 ||   102
Dodge: Dodged            |   106 |   171 |   194 ||   471
